AoeStats
← DeXal

Golden Pit

507756214Analyzed
1v1 RM · 12d ago on Sep 19, 2026· 43m 39s· 2 players
Game mode
Random Map
Map size
Tiny (2 player)
Population
200
Speed
Normal
Resources
Standard
Victory
Conquest
Starting age
Dark Age
Ending age
Imperial Age
RankedLock teamsTeams togetherTeam positionsShared explorationLock speedFull tech treeHidden civsTurbo modeCheats
Victory
Defeat
🇫🇮 Poles · Finland
994
+17
🇭🇰 Vietnamese · Hong Kong SAR China
1022
-17
DeXal
6:51 Loom
9:27 Feudal Age
10:21 Double-Bit Axe
16:16 Horse Collar
19:36 Wheelbarrow
22:20 Castle Age
20:36 Bloodlines
23:52 Husbandry
23:12 Light Cavalry
26:21 Scale Barding Armor
26:26 Forging
30:21 Hand Cart
30:22 Thumb Ring
29:41 Crossbowman
30:24 Fletching
32:31 Padded Archer Armor
32:28 Bodkin Arrow
32:35 Padded Archer Armor
36:47 Imperial Age
36:00 Leather Archer Armor
37:53 Bracer
37:23 Winged Hussar
37:30 Winged Hussar
40:42 Ballistics
41:22 Chemistry
43:12 Chain Barding Armor
ching44
10:49 Feudal Age
9:36 Loom
11:32 Double-Bit Axe
16:28 Horse Collar
23:26 Castle Age
21:44 Stone Mining
22:22 Gold Mining
23:45 Scale Mail Armor
24:35 Heavy Plow
24:42 Squires
24:24 Pikeman
26:35 Stone Shaft Mining
27:08 Bow Saw
27:34 Town Watch
29:36 Wheelbarrow
32:10 Chain Mail Armor
36:43 Imperial Age
35:02 Murder Holes
35:28 Ballistics
35:17 Town Patrol
35:36 Hand Cart
35:25 Fletching
35:46 Forging
36:00 Chatras
37:30 Bodkin Arrow
38:13 Bracer
40:39 Paper Money
41:05 Scale Barding Armor
41:36 Iron Casting
41:08 Arson
42:03 Bloodlines
41:54 Husbandry
43:13 Plate Mail Armor
43:04 Chain Barding Armor
Connection lost

Rejoining the realm…

Still unreachable

The connection could not be restored.

Session expired

The server has moved on; the page needs a fresh start.